 Dungeon Crawl Stone Soup version 0.27-a0-1188-g73eefd5def (webtiles) character file.

Game seed: 9870177919193097772

58 tilp the Caller (level 4, -1/35 HPs)
             Began as a Barachi Summoner on May 21, 2021.
             Slain by Natasha (5 damage)
             ... on level 2 of the Dungeon.
             The game lasted 00:03:35 (2819 turns).

tilp the Caller (Barachi Summoner)                  Turns: 2819, Time: 00:03:36

Health: -1/35      AC:  3    Str: 11    XL:     4   Next: 2%
Magic:  5/8        EV: 12    Int: 15    God:
Gold:   79         SH:  0    Dex: 12    Spells: 5/8 levels left

rFire    . . .     SeeInvis .   b - +0 war axe
rCold    . . .     Faith    .   (no shield)
rNeg     . . .     Spirit   .   h - +1 robe
rPois    .         Reflect  .   (no helmet)
rElec    .         Harm     .   (no cloak)
rCorr    .         Rampage  .   (no gloves)
Will     .....                  (no boots)
Stlth    ++........             (no amulet)
HPRegen  0.11/turn              (no ring)
MPRegen  0.11/turn              (no ring)

@: slowed, very slow
A: amphibious, slowness 1, strong legs 1, +LOS
a: Hop


You were on level 2 of the Dungeon.
You visited 1 branch of the dungeon, and saw 2 of its levels.

You collected 121 gold pieces.
You spent 42 gold pieces at shops.

Inventory:

Hand Weapons
 a - a +1 dagger of pain
 b - a +0 war axe (weapon)
Missiles
 f - 33 poisoned darts (quivered)
Armour
 h - a +1 robe (worn)
Jewellery
 l - an amulet of magic regeneration
Scrolls
 e - 2 scrolls of teleportation
 j - a scroll of fear {unknown}
Potions
 c - a potion of degeneration {unknown}
 d - 2 potions of berserk rage {unknown}
 g - 3 potions of brilliance {unknown}
 i - a potion of flight {unknown}
 k - a potion of curing {unknown}
 m - a potion of heal wounds {unknown}


   Skills:
 - Level 3.0 Fighting
 - Level 2.1 Dodging
 - Level 1.7 Stealth
 + Level 2.8 Spellcasting
 + Level 5.2 Summonings


You had 5 spell levels left.
You knew the following spells:

 Your Spells              Type           Power      Damage    Failure   Level
a - Summon Small Mammal   Summ           72%        N/A       2%          1
b - Call Imp              Summ           18%        N/A       3%          2

Your spell library contained the following spells:

 Spells                   Type           Power      Damage    Failure   Level
 Call Canine Familiar     Summ           18%        N/A       7%          3
 Summon Guardian Golem    Hex/Summ       10%        N/A       21%         3
 Summon Ice Beast         Ice/Summ       10%        N/A       56%         4
 Summon Lightning Spire   Summ/Air       10%        N/A       56%         4


Dungeon Overview and Level Annotations

Branches:
Dungeon (2/15)

Altars:

Shops:
D:1 *

Annotations:
D:2 Natasha


Innate Abilities, Weirdness & Mutations

You are amphibious.
You cover ground slowly.
You can hop short distances.
You have an extended range of vision and can be seen from far away.


Message History

You open the door.
There is an open door here.
There is a stone staircase leading down here.
There is an open door here.
Natasha, Servant of Life and Death comes into view.
Natasha is nearby!
Natasha is nearby!
Natasha hisses angrily.
Natasha stares at you and mumbles some strange words.
You feel yourself slow down. Natasha barely misses you.
Natasha wildly gestures.
Natasha shimmers violently.
Natasha stares at you and mumbles some strange words.
You resist with some effort.
Casting: Call Imp (safe; 3% risk of failure)
Confirm with . or Enter, or press ? or * to list all spells.
A beastly little devil appears in a puff of flame.
Natasha stares at you and mumbles some strange words.
The magic dart hits you!
You hit Natasha but do no damage. Natasha closely misses you.
Your crimson imp blinks!
Natasha barely misses you.
You slash Natasha!
Natasha is heavily wounded.
Natasha claws you. Natasha claws you!
* * * LOW HITPOINT WARNING * * *
Natasha casts a spell at you. The magic dart hits you.
* * * LOW HITPOINT WARNING * * *
Casting: Call Imp (safe; 3% risk of failure)
Confirm with . or Enter, or press ? or * to list all spells.
A beastly little devil appears in a puff of frigid air.
Natasha claws you.
* * * LOW HITPOINT WARNING * * *
Unknown command.
You hit Natasha but do no damage.
Natasha is heavily wounded.
Natasha claws you.
You die...

######## .......#.#
######.#.# ..##...#.#
#.##.###.# ..##.#
#.########### ..##.#
#.#.....#.5. .....#
#.#.##.##.#######.# ..##.#
#.#......@h.......#
.#######......##5#########
.......#'####'##..........
........>.......##########
................#
###...#.........#
................#
......#.........#
......#.........#


You could see Natasha (ally target), a friendly crimson imp (summoned) and a
friendly white imp (summoned).

Vanquished Creatures
  A dart slug (D:1)
  4 bats
  4 endoplasms
  5 giant cockroaches (D:2)
  2 goblins
  2 hobgoblins (D:2)
  4 jackals
  A quokka (D:2)
  2 ball pythons
  A frilled lizard (D:1)
  4 rats
30 creatures vanquished.

Vanquished Creatures (collateral kills)
  An adder (D:2)
  A dart slug (D:1)
  3 ball pythons
  4 endoplasms
  A giant cockroach (D:1)
  2 hobgoblins (D:1)
  2 jackals
  2 quokkas
  2 bats
  A goblin (D:2)
  2 rats (D:1)
21 creatures vanquished.

Grand Total: 51 creatures vanquished

Notes
Turn   | Place    | Note
-------+----------+-------------------------------------------
     0 | D:1      | tilp the Barachi Summoner began the quest for the Orb.
     0 | D:1      | Reached XP level 1. HP: 13/13 MP: 3/3
   335 | D:1      | Reached skill level 1 in Fighting
   574 | D:1      | Found a faded altar of an unknown god.
   599 | D:1      | Reached XP level 2. HP: 21/22 MP: 5/5
   602 | D:1      | Learned a level 2 spell: Call Imp
  1051 | D:1      | Found Myejofij's General Store.
  1946 | D:1      | Bought a scroll of teleportation for 42 gold pieces
  2012 | D:2      | Reached XP level 3. HP: 23/29 MP: 3/6
  2209 | D:2      | Reached skill level 5 in Summonings
  2746 | D:2      | Reached XP level 4. HP: 33/35 MP: 8/8
  2806 | D:2      | Noticed Natasha
  2819 | D:2      | Slain by Natasha

Illustrated notes

Levels and vault maps discovered:
D:1:      dpeg_arrival_houses_and_road, layout_loops_corners,
          hellmonk_ecumenical_altar_leap_of_faith, serial_shops,
          nicolae_shop_trees, minmay_cupped
D:2:      minmay_chambers_of_twos, layout_basic, minmay_worlds_worst_comb,
          uniq_natasha

Skill      XL: |  1  2  3 |
---------------+----------+-----
Fighting       | 1 3 |  3.0
Summonings     | 5 |  5.2
Dodging        | |  2.1
Stealth        | |  1.7
Spellcasting   | |  2.8

Action                   |  1- 3 |  4- 6 || total
-------------------------+-------+-------++-------
Melee: Dagger            |   118 |       ||   118
       Unarmed           |     6 |       ||     6
       War axe           |    22 |     4 ||    26
 Cast: Summon Small Mamm |    13 |       ||    13
       Call Imp          |    21 |     2 ||    23
  Use: Scroll            |     1 |       ||     1
 Stab: Sleeping          |     3 |       ||     3
Armor: Robe              |    42 |       ||    42
Dodge: Dodged            |   137 |     4 ||   141

Table legend: (Time is in decaauts)
 A = Elapsed time spent in this place.
 B = Non-inter-level travel time spent in this place.
 C = Inter-level travel time spent in this place.
 D = Time resting spent in this place.
 E = Time spent auto-exploring this place.
 F = Levels seen in this place.
 G = Mean time per level.
                   A        B        C        D        E       F      G
               +--------+--------+--------+--------+--------+-----+--------+
         Total |   3063 |   2921 |    142 |    191 |   2293 |   2 | 1531.5 |
       Dungeon |   3063 |   2921 |    142 |    191 |   2293 |   2 | 1531.5 |
               +--------+--------+--------+--------+--------+-----+--------+

Top non-repeatable levels by time:
     D:1: 2165 daAuts
     D:2: 898 daAuts
